 Dungeon Crawl Stone Soup version 0.27-a0-951-gae3e1deef5 (webtiles) character file.

Game seed: 266860427284400457

3096 funkygono the Tainter (level 9, 0/64 HPs)
             Began as a Green Draconian Venom Mage on Apr 12, 2021.
             Slain by Harold
             ... wielding a +0 battleaxe
              (9 damage)
             ... on level 7 of the Dungeon.
             The game lasted 00:26:34 (11584 turns).

funkygono the Tainter (Green Draconian Venom Mage) Turns: 11584, Time: 00:26:35

Health: 0/64       AC: 10    Str: 13    XL:     9   Next: 59%
Magic:  14/19      EV: 12    Int: 17    God:
Gold:   444        SH:  0    Dex: 11    Spells: 7/21 levels left

rFire    . . .     SeeInvis .   q - +4 great sword
rCold    . . .     Faith    .   (shield currently unavailable)
rNeg     . . .     Spirit   .   (armour unavailable)
rPois    +         Reflect  .   (helmet restricted)
rElec    .         Harm     .   e - +2 cloak
rCorr    .         Rampage  .   (no gloves)
Will     .....                  (no boots)
Stlth    ++........             g - amulet of the acrobat
HPRegen  0.20/turn              (no ring)
MPRegen  0.16/turn              (no ring)

@: no status effects
A: breathe noxious fumes, AC +7, unfitting armour, poison resistance,
cold-blooded
a: Breathe Noxious Fumes


You were on level 7 of the Dungeon.
You visited 2 branches of the dungeon, and saw 8 of its levels.

You collected 444 gold pieces.

Inventory:

Hand Weapons
 b - a +0 dagger of freezing
 c - a +0 vorpal falchion
 q - a +4 great sword (weapon)
 u - a +3 long sword
Missiles
 d - 188 stones
Armour
 e - a +2 cloak (worn)
Jewellery
 f - a ring of ice
 g - an amulet of the acrobat (around neck)
 k - an amulet of guardian spirit
 v - a ring of fire
Wands
 i - a wand of polymorph (2)
 o - a wand of iceblast (4)
Scrolls
 a - 6 scrolls of identify
 h - 2 scrolls of magic mapping
 j - 2 scrolls of teleportation
 l - 3 scrolls of enchant armour
 s - a scroll of enchant weapon {unknown}
 t - a scroll of fog {unknown}
Potions
 m - a potion of invisibility {unknown}
 n - a potion of haste
 p - 2 potions of brilliance {unknown}
 r - a potion of flight {unknown}
 w - 2 potions of might {unknown}


   Skills:
 + Level 1.0 Fighting
 + Level 1.5 Long Blades
 + Level 2.7 Dodging
 - Level 1.7 Stealth
 * Level 6.7 Spellcasting
 * Level 4.0 Conjurations
 * Level 5.4 Transmutations
 * Level 4.0 Fire Magic
 * Level 4.0 Air Magic
 * Level 8.0 Poison Magic


You had 7 spell levels left.
You knew the following spells:

 Your Spells              Type           Power      Damage    Failure   Level
a - Sting                 Tmut/Pois      100%       1d8       1%          1
b - Poisonous Vapours     Pois/Air       52%        N/A       1%          2
c - Ignite Poison         Fire/Tmut/Pois 25%        N/A       3%          3
d - Mephitic Cloud        Conj/Pois/Air  24%        N/A       3%          3
e - Olgreb's Toxic Radia  Pois           33%        N/A       4%          4
f - Foxfire               Conj/Fire      76%        2x1d7     2%          1

Your spell library contained the following spells:

 Spells                   Type           Power      Damage    Failure   Level
 Conjure Flame            Conj/Fire      19%        6-21      7%          3
 Inner Flame              Hex/Fire       12%        N/A       16%         3
 Sticky Flame             Conj/Fire      19%        2d4       22%         4
 Fireball                 Conj/Fire      9%         3d6       54%         5


Dungeon Overview and Level Annotations

Branches:
Dungeon (7/15)             Temple (1/1) D:6

Altars:
Ashenzari
Cheibriados
Elyvilon
Fedhas
Gozag
Hepliaklqana
Kikubaaqudgha
Nemelex Xobeh
Okawaru
Qazlal
Ru
Sif Muna
Trog
Uskayaw
Wu Jian
Xom
Yredelemnul
Zin
The Shining One

Shops:
D:1 (

Annotations:
D:6 funkygono's ghost, novice DrVM
D:7 Harold


Innate Abilities, Weirdness & Mutations

You can breathe blasts of noxious fumes.
Your lurid green scales are hard. (AC +7)
You cannot fit into any form of body armour.
Your system is resistant to poisons. (rPois)
You are cold-blooded and may be slowed by cold attacks.


Message History

Casting: Foxfire (safe; 2% risk of failure)
Confirm with . or Enter, or press ? or * to list all spells.
You conjure some foxfire!
The foxfire hits Harold but does no damage.
Unknown command.
Casting: Foxfire (safe; 2% risk of failure)
Confirm with . or Enter, or press ? or * to list all spells.
You conjure some foxfire!
The foxfire hits Harold.
Harold is lightly wounded.
The foxfire hits Harold but does no damage.
Harold is lightly wounded.
The foxfire hits Harold but does no damage.
Harold is lightly wounded.
You tear a large gash into the net.
The foxfire hits Harold.
Harold is lightly wounded.
The foxfire hits Harold but does no damage.
Harold is lightly wounded.
The foxfire hits Harold but does no damage.
Harold is lightly wounded.
Casting: Foxfire (safe; 2% risk of failure)
Confirm with . or Enter, or press ? or * to list all spells.
You conjure some foxfire!
Casting: Foxfire (safe; 2% risk of failure)
Confirm with . or Enter, or press ? or * to list all spells.
You conjure some foxfire!
The foxfire hits Harold.
Harold is lightly wounded.
The foxfire hits Harold but does no damage.
Harold is lightly wounded.
The foxfire hits Harold.
Harold is lightly wounded.
You struggle against the net.
The foxfire hits Harold.
Harold is moderately wounded.
Harold hits you with a +0 battleaxe!!
You rip the net and break free!
Harold hits you with a +0 battleaxe!! Harold hits you with a +0 battleaxe!
* * * LOW HITPOINT WARNING * * *
You hit Harold.
Harold is moderately wounded.
Harold hits you with a +0 battleaxe!
You die...

...............(......##
................÷....##
....................##
...................##
.......##.........##
......####.......##
............§...##
..............#..#######
..#############.@@......
### ##.......... ..###
#........... ....####
#.........## .......###
#.........#
.........####..........#
###........#...........#
####.................#
#######...........


You could see Harold (fast).

Vanquished Creatures
  Grinder (D:4)
  Sigmund (D:3)
  Menkaure (D:5)
  Edmund (D:3)
  Duvessa (D:4)
  A black bear (D:5)
  3 ice beasts
  A necrophage (D:6)
  A centaur (D:6)
  2 phantoms
  4 bullfrogs (D:7)
  A scorpion (D:7)
  Dowan (D:4)
  9 wights
  3 howler monkeys
  2 centaur zombies
  4 jellies
  A hound (D:5)
  A bullfrog skeleton (D:6)
  5 orc priests
  Terence (D:2)
  Ijyb (D:2)
  3 iguanas
  4 orc wizards
  A killer bee zombie (D:6)
  A gnoll (D:6)
  6 adders
  A howler monkey skeleton (D:7)
  2 ufetubi
  An adder zombie (D:5)
  An adder skeleton (D:4)
  A worm (D:3)
  3 dart slugs
  33 orcs
  3 ball pythons
  5 bats
  15 endoplasms
  3 giant cockroaches
  5 goblins
  9 hobgoblins
  9 jackals
  13 kobolds
  3 quokkas
  5 frilled lizards
  3 rats
176 creatures vanquished.

Vanquished Creatures (others)
  16 demonic plants (D:1)
  106 foxfires (D:7)
  9 fungi (D:2)
  6 toadstools (D:2)
137 creatures vanquished.

Grand Total: 313 creatures vanquished

Notes
Turn   | Place    | Note
-------+----------+-------------------------------------------
     0 | D:1      | funkygono the Draconian Venom Mage began the quest for the
                  | Orb.
     0 | D:1      | Reached XP level 1. HP: 14/14 MP: 3/3
   133 | D:1      | Reached XP level 2. HP: 20/20 MP: 3/5
   260 | D:1      | Found a faded altar of an unknown god.
   597 | D:1      | Learned a level 2 spell: Poisonous Vapours
   653 | D:1      | Found Leoxocw's Weapon Emporium.
  1510 | D:2      | Reached XP level 3. HP: 26/26 MP: 3/6
  1569 | D:2      | Learned a level 3 spell: Ignite Poison
  1767 | D:2      | Noticed Terence
  1787 | D:2      | Killed Terence
  1788 | D:2      | Reached skill level 4 in Poison Magic
  1788 | D:2      | Reached XP level 4. HP: 33/33 MP: 1/7
  2511 | D:2      | Reached skill level 1 in Air Magic
  2688 | D:2      | Reached skill level 1 in Fire Magic
  2688 | D:2      | Reached XP level 5. HP: 29/38 MP: 4/9
  3578 | D:2      | Learned a level 3 spell: Mephitic Cloud
  3791 | D:3      | Noticed Ijyb
  3811 | D:3      | Reached XP level 6. HP: 42/45 MP: 3/10
  3944 | D:2      | Killed Ijyb
  4305 | D:3      | Reached skill level 1 in Conjurations
  4581 | D:3      | Noticed Sigmund
  4650 | D:3      | Killed Sigmund
  4651 | D:3      | Your scales start taking on a lurid green colour.
  4651 | D:3      | Reached skill level 5 in Poison Magic
  4651 | D:3      | Reached XP level 7. HP: 46/50 MP: 7/13
  4651 | D:3      | Gained mutation: Your system is resistant to poisons.
                  | (rPois) [Green Draconian growth]
  5249 | D:4      | Noticed Dowan
  5254 | D:4      | Noticed Duvessa
  5335 | D:4      | Killed Duvessa
  5336 | D:4      | Reached skill level 6 in Poison Magic
  5501 | D:4      | Noticed Edmund
  5607 | D:3      | Killed Edmund
  5700 | D:4      | Killed Dowan
  5804 | D:4      | Reached XP level 8. HP: 42/57 MP: 2/15
  6007 | D:4      | Learned a level 4 spell: Olgreb's Toxic Radiance
  6042 | D:4      | Noticed Grinder
  6050 | D:4      | Paralysed by Grinder for 6 turns
  6057 | D:4      | Paralysed by Grinder for 3 turns
  6064 | D:4      | Paralysed by Grinder for 3 turns
  6095 | D:4      | Paralysed by Grinder for 4 turns
  6102 | D:4      | Killed Grinder
  6103 | D:4      | Reached skill level 5 in Spellcasting
  6461 | D:4      | Reached skill level 7 in Poison Magic
  6826 | D:5      | Entered Level 5 of the Dungeon
  7313 | D:5      | Reached skill level 1 in Long Blades
  7712 | D:5      | Found a white marble altar of Elyvilon.
  7779 | D:5      | Noticed Menkaure
  7798 | D:5      | Killed Menkaure
  8205 | D:6      | Reached XP level 9. HP: 52/63 MP: 6/18
  8369 | D:6      | Found a staircase to the Ecumenical Temple.
  8396 | Temple   | Entered the Ecumenical Temple
  8803 | D:6      | Found a runed translucent gate.
  8803 | D:6      | Noticed funkygono's ghost (novice DrVM)
  8804 | D:6      | Found a runed translucent gate.
  8805 | D:6      | Found a runed translucent gate.
  8906 | D:6      | Reached skill level 5 in Transmutations
  9626 | D:6      | Reached skill level 1 in Fighting
 10029 | D:6      | Found an iron altar of Okawaru.
 10499 | D:6      | Learned a level 1 spell: Foxfire
 10504 | D:6      | Learned a level 4 spell: Sticky Flame
 10698 | D:7      | Reached skill level 8 in Poison Magic
 11022 | D:7      | Found a shimmering blue altar of Sif Muna.
 11263 | D:7      | Found a snail-covered altar of Cheibriados.
 11574 | D:7      | Noticed Harold
 11584 | D:7      | Slain by Harold

Illustrated notes

Levels and vault maps discovered:
D:1:      psy_arrival_statuary, layout_basic,
          shapermc_ecumenical_altar_flowoftime, serial_shops,
          nicolae_shop_crystal, chequers_serial_rivers_large_a
D:2:      cheibrodos_fertilizer, layout_basic, kennysheep_potato, uniq_terence
D:3:      layout_loops_cross, uniq_ijyb, uniq_sigmund
D:4:      layout_cave_pools, kennysheep_cluttered_room,
          minmay_misc_feat_nine_boxes, uniq_duvessa, uniq_grinder, uniq_edmund
D:5:      layout_loops_ring, grunt_temple_overflow_lords_of_destruction,
          lemuel_doored_altar, uniq_menkaure
D:6:      layout_loops_ring, okawaru_altar_gauntlet_db,
          minmay_temple_entry_drinking_statues, ebering_ghost_rock_garden,
          minmay_crystal_room
D:7:      layout_cave_pods, lemuel_tele_altar, tgw_sif, minmay_misc_feat_roman,
          uniq_harold
Temple:   regret_index_temple_waves

Skill      XL: |  1  2  3  4  5  6  7  8  9 |
---------------+----------------------------+-----
Transmutations | 2 3 4 5 |  5.4
Poison Magic   | 4 5 6 7 8 |  8.0
Air Magic      | 1 2 3 4 |  4.0
Spellcasting   | 3 4 6 |  6.7
Fire Magic     | 1 2 3 4 |  4.0
Conjurations   | 1 2 4 |  4.0
Dodging        | 2 |  2.7
Long Blades    | 1 |  1.5
Fighting       | 1 |  1.0
Stealth        | |  1.7

Action                   |  1- 3 |  4- 6 |  7- 9 || total
-------------------------+-------+-------+-------++-------
Melee: Dagger            |    26 |     5 |       ||    31
       Tailslap          |     4 |       |    18 ||    22
       Falchion          |       |    23 |   121 ||   144
       Unarmed           |       |     6 |       ||     6
       Long sword        |       |       |    13 ||    13
       Great sword       |       |       |     1 ||     1
 Cast: Sting             |    28 |    94 |   168 ||   290
       Poisonous Vapours |    11 |    20 |    27 ||    58
       Ignite Poison     |       |     3 |    26 ||    29
       Mephitic Cloud    |       |     1 |    11 ||    12
       Foxfire           |       |       |    60 ||    60
       Olgreb's Toxic Ra |       |       |     1 ||     1
 Abil: Breathe Noxious F |       |       |     1 ||     1
  Use: Scroll            |     3 |     3 |     5 ||    11
       Potion            |       |     2 |     5 ||     7
 Stab: Sleeping          |       |       |     1 ||     1
Armor: Skin              |     3 |    32 |   110 ||   145
Dodge: Dodged            |     4 |    40 |   156 ||   200
       Rpst.: Falchion   |       |     2 |    36 ||    38
       Long sword        |       |       |     2 ||     2
       Great sword       |       |       |     2 ||     2

Table legend: (Time is in decaauts)
 A = Elapsed time spent in this place.
 B = Non-inter-level travel time spent in this place.
 C = Inter-level travel time spent in this place.
 D = Time resting spent in this place.
 E = Time spent auto-exploring this place.
 F = Levels seen in this place.
 G = Mean time per level.
                   A        B        C        D        E       F      G
               +--------+--------+--------+--------+--------+-----+--------+
         Total |  11620 |  11444 |    176 |    891 |   8554 |   8 | 1452.5 |
       Dungeon |  11440 |  11293 |    147 |    891 |   8405 |   7 | 1634.3 |
        Temple |    179 |    150 |     29 |      0 |    149 |   1 |  179.0 |
               +--------+--------+--------+--------+--------+-----+--------+

Top non-repeatable levels by time:
     D:2: 2386 daAuts
     D:6: 1923 daAuts
     D:3: 1885 daAuts
     D:5: 1610 daAuts
     D:1: 1378 daAuts
     D:4: 1201 daAuts
     D:7: 1056 daAuts
  Temple: 179 daAuts
